Map: Abiogenesis LE

Players

Robola - Winner!

  • Race: Terran Terran
  • Spawn Location: 11:00

VOD

Have the link to the VOD?

Description

Time

  • Played on: Jan. 25, 2018, 9:13 a.m.
  • Length: 6:07
Show
View Real Time Build Order
Export as new Build Order

Robola Terran - Winner!

Build Orders: Reaper Expand 

Get SALT Encoding   

  12  0:02  SCV  
  12  0:15  SCV  
  12  0:17  Supply Depot  
  12  0:27  SCV  
  12  0:39  SCV  
  12  0:41  Barracks  
  12  0:44  Refinery  
  12  0:51  SCV  
  12  1:03  SCV  
  12  1:15  SCV  
  12  1:27  Orbital Command  
  12  1:28  Reaper  
  12  1:43  Command Center  
  12  1:53  SCV  
  12  1:55  Supply Depot  
  12  2:00  Marine  
  12  2:07  Factory  
  12  2:10  SCV  
  12  2:21  Barracks Reactor  
  12  2:25  SCV  
  12  2:37  SCV  
  12  2:40  Command Center  
  12  2:49  SCV  
  12  3:04  Hellion x2, Barracks Tech Lab  
  12  3:05  Orbital Command  
  12  3:16  SCV  
  12  3:24  Stimpack, Marine  
  12  3:28  SCV  
  12  3:32  Barracks  
  12  3:34  Factory Reactor  
  12  3:37  Barracks  
  12  3:39  SCV  
  12  3:42  SCV  
  12  3:47  Refinery  
  12  3:49  Refinery  
  12  3:51  SCV  
  12  3:55  Orbital Command  
  12  3:58  SCV  
  12  4:02  Marine  
  12  4:12  Starport  
  12  4:20  SCV x2  
  12  4:21  SCV  
  12  4:22  Marine x2  
  12  4:23  Marine  
  12  4:26  Factory Reactor  
  12  4:32  Marine x2  
  12  4:33  SCV  
  12  4:34  SCV x2  
  12  4:41  Marine x3  
  12  4:46  SCV x2  
  12  4:47  SCV  
  12  4:52  Supply Depot  
  12  4:53  Supply Depot  
  12  4:54  Marine x2  
  12  4:58  SCV  
  12  5:00  SCV x2  
  12  5:02  Marine  
  12  5:13  Marine x2  
  12  5:14  Medivac x2, SCV, Marine  
  12  5:15  Marine  
  12  5:17  SCV  
  12  5:18  SCV  
  12  5:22  Supply Depot  
  12  5:24  Supply Depot  
  12  5:26  SCV, Marine  
  12  5:29  SCV  
  12  5:32  Engineering Bay  
  12  5:35  SCV, Engineering Bay  
  12  5:36  Marine  
  12  5:44  Marine x3  
Tags
 
Add a new tag
Caveats
  • Supply blocks, unpowered buildings, or Contaminate may cause inaccurate times.
  • Supply counts are checked every 10 seconds.